 Dungeon Crawl Stone Soup version 0.24.0-13-gcf9b319 (webtiles) character file.

Game seed: 4943188056682004535, levelgen mode: deterministic

634 Bronimir the Stinger (level 7, -3/49 HPs)
             Began as a Formicid Venom Mage on Apr 18, 2020.
             Was a Follower of Vehumet.
             Slain by an ice beast (13 damage)
             ... on level 5 of the Dungeon.
             The game lasted 00:10:58 (5750 turns).

Bronimir the Stinger (Formicid Venom Mage)          Turns: 5750, Time: 00:10:58

Health: -3/49      AC:  7    Str: 14    XL:     7   Next: 79%
Magic:  12/13      EV: 10    Int: 15    God:    Vehumet [*.....]
Gold:   146        SH:  0    Dex: 11    Spells: 3/14 levels left

rFire    . . .     SeeInvis +   G - +0 halberd
rCold    . . .     Gourm    .   (no shield)
rNeg     . . .     Faith    +   z - +0 swamp dragon scales
rPois    +         Spirit   .   (helmet unavailable)
rElec    .         Reflect  .   (no cloak)
rCorr    .         Harm     .   (no gloves)
MR       .....                  (no boots)
Stlth    ++........             i - amulet of faith
HPRegen  0.16/turn              h - ring of stealth
MPRegen  0.13/turn              (no ring)

@: drained
A: permanent stasis, dig shafts and tunnels, four strong arms, antennae 3
a: Dig, Shaft Self, Renounce Religion


You were on level 5 of the Dungeon.
You worshipped Vehumet.
Vehumet was aware of your devotion.
You were not hungry.

You visited 1 branch of the dungeon, and saw 6 of its levels.

You collected 236 gold pieces.
You spent 90 gold pieces at shops.

Inventory:

Hand Weapons
 a - a +0 battleaxe
 b - a +0 hunting sling
 j - a +0 mace
 s - a +0 spear
 G - a +0 halberd (weapon)
Missiles
 d - 64 bolts
 e - 195 stones (quivered)
 g - 33 arrows
Armour
 o - a +0 ring mail
 z - +0 swamp dragon scales (worn)
Jewellery
 h - a ring of stealth (left hand)
 i - an amulet of faith (around neck)
Wands
 f - a wand of disintegration (11)
 w - a wand of random effects (6)
 D - a wand of digging (4)
Scrolls
 k - 3 scrolls of identify
 n - 8 scrolls of remove curse
 p - 5 scrolls of enchant weapon {unknown}
 u - a scroll of blinking {unknown}
 v - 2 scrolls of teleportation {unknown}
 y - a scroll of noise {unknown}
 A - 2 scrolls of amnesia {unknown}
 B - a scroll of enchant armour {unknown}
 E - a scroll of magic mapping {unknown}
Potions
 l - 2 potions of lignification {unknown}
 m - 2 potions of agility {unknown}
 q - 2 potions of flight {unknown}
 r - 2 potions of curing
 t - 3 potions of heal wounds
 x - a potion of brilliance {unknown}
 F - a potion of mutation {unknown}
Comestibles
 c - 7 rations
 C - 3 chunks of flesh


   Skills:
 * Level 1.9(1.2) Fighting
 + Level 0.2(0.0) Maces & Flails
 + Level 2.9(2.2) Polearms
 * Level 2.8(2.1) Armour
 + Level 2.2(1.4) Dodging
 - Level 2.4(1.7) Stealth
 + Level 4.0(3.2) Spellcasting
 * Level 2.6(1.8) Conjurations
 * Level 0.7(0.0) Fire Magic
 * Level 6.4(5.6) Poison Magic


You had 3 spell levels left.
You knew the following spells:

 Your Spells              Type           Power        Failure   Level  Hunger
a - Sting                 Conj/Pois      ##..         9%          1    #......
b - Poisonous Vapours     Pois/Air       ##....       19%         2    ##.....
c - Mephitic Cloud        Conj/Pois/Air  #.......     38%         3    ###....
d - Olgreb's Toxic Radia  Pois           ###.....     36%         4    #####..
e - Flame Tongue          Conj/Fire      #....        26%         1    #......

Your spell library contained the following spells:

 Spells                   Type           Power        Failure   Level  Hunger
 Animate Skeleton         Necr           N/A          36%         1    #......
 Apportation              Tloc           #.....       36%         1    #......
 Confusing Touch          Hex            #.....       36%         1    #......
 Summon Small Mammal      Summ           #...         36%         1    #......
 Venom Bolt               Conj/Pois      ##........   93%         5    ######.


Dungeon Overview and Level Annotations

Branches:
Dungeon (6/15)             Temple (0/1) D:4

Altars:
Ashenzari
Dithmenos
Gozag
Kikubaaqudgha
Nemelex Xobeh
Qazlal
Ru
Uskayaw
Vehumet
Wu Jian
Xom
Zin

Shops:
D:4 !

Annotations:
D:3 2 transporters, mindtowaste's ghost, amateur TeGl


Innate Abilities, Weirdness & Mutations

You cannot be hasted, slowed, berserked, paralysed or teleported.
You can dig through walls and to a lower floor.
Your four strong arms can wield two-handed weapons with a shield.
You have a pair of large antennae on your head. (SInv)


Message History

You feel drained.
The ice beast hits you but does no damage.
The wight hits you from afar with a +3 halberd!
* * * LOW HITPOINT WARNING * * *
You feel drained.
* * * LOW HITPOINT WARNING * * *
The ice beast hits you but does no damage.
You climb upwards.
There is a stone staircase leading down here.
Casting: Poisonous Vapours (safe; 19% risk of failure)
Confirm with . or Enter, or press ? or * to list all spells.
Aiming: Flame Tongue (safe; 26% risk of failure)
Press: ? - help, Shift-Dir - straight line, f - ice beast
Aim: an ice beast (moderately wounded)
The flame tongue hits the ice beast.
The ice beast melts!
The ice beast is heavily wounded.
The ice beast hits you.
* * * LOW HITPOINT WARNING * * *
The ice beast freezes you!
You die...

# #..# #.# #.. ###########..#
###.###.. .............#
#........ ############.#
#.#.###.#
#.############....##.#
#<........>..........#
#######
#.##########.##...####
......# #.##########.###.##
#####.# #....@Y>.....# #.#
#.# #.############ #.# ##.##
#.##.## #.# ##...#####.#...##
#.#
###...)).)).......#########.#
#......#####................#
#.###.## ##.....###########
#.# #.########...## #.#
#...........##


You could see an ice beast.

Vanquished Creatures
  3 wights (D:6)
  A howler monkey (D:4)
  A hound (D:5)
  An iguana (D:4)
  3 worker ants
  4 orc wizards
  3 adders
  11 gnolls
  An adder zombie (D:5)
  2 worms (D:3)
  A dart slug (D:4)
  A leopard gecko (D:4)
  18 orcs
  2 ball pythons
  9 bats
  4 giant cockroaches (D:1)
  9 goblins
  7 hobgoblins
  2 jackals (D:5)
  10 kobolds
  3 quokkas
  A leopard gecko skeleton (D:5)
  8 rats
105 creatures vanquished.

Notes
Turn   | Place    | Note
-------+----------+-------------------------------------------
     0 | D:1      | Bronimir the Formicid Venom Mage began the quest for the
                  | Orb.
     0 | D:1      | Reached XP level 1. HP: 13/13 MP: 3/3
   119 | D:1      | Reached XP level 2. HP: 14/19 MP: 0/5
   123 | D:1      | Learned a level 2 spell: Poisonous Vapours
   208 | D:1      | Reached skill level 1 in Conjurations
   746 | D:1      | Reached XP level 3. HP: 19/24 MP: 0/6
   855 | D:1      | Found a shimmering altar of Xom.
   901 | D:1      | Learned a level 3 spell: Mephitic Cloud
  1149 | D:1      | Reached skill level 5 in Poison Magic
  1579 | D:2      | Reached skill level 1 in Armour
  1905 | D:2      | Reached XP level 4. HP: 30/30 MP: 4/7
  2741 | D:3      | Reached XP level 5. HP: 35/35 MP: 3/9
  3224 | D:3      | Found a transporter.
  3227 | D:3      | Noticed mindtowaste's ghost (amateur TeGl)
  3269 | D:3      | Found a transporter.
  3358 | D:3      | Noticed a +0 hand axe
  3358 | D:3      | Noticed a +0 hand axe
  3359 | D:3      | Found a hide-covered altar of Uskayaw.
  3384 | D:3      | Found an ornate altar of the Wu Jian Council.
  3386 | D:3      | Found an ancient bone altar of Kikubaaqudgha.
  3390 | D:3      | Found a radiant altar of Vehumet.
  3407 | D:3      | Found an opulent altar of Gozag.
  3414 | D:3      | Became a worshipper of Vehumet
  3424 | D:3      | Found a stormy altar of Qazlal.
  3430 | D:3      | Found a sparkling altar of Nemelex Xobeh.
  3434 | D:3      | Found a shattered altar of Ashenzari.
  3579 | D:4      | Reached skill level 1 in Polearms
  3851 | D:4      | Found a staircase to the Ecumenical Temple.
  3897 | D:4      | Learned a level 4 spell: Olgreb's Toxic Radiance
  3912 | D:4      | Reached XP level 6. HP: 39/42 MP: 7/11
  4199 | D:4      | Reached skill level 1 in Fighting
  4407 | D:4      | Found Zin's Purification Station.
  4431 | D:4      | Found a glowing silver altar of Zin.
  4434 | D:4      | Bought a potion of curing for 90 gold pieces
  4687 | D:4      | Found Faadudof's Distillery.
  4872 | D:5      | Entered Level 5 of the Dungeon
  4879 | D:5      | Found a shadowy altar of Dithmenos.
  4903 | D:5      | Reached XP level 7. HP: 39/48 MP: 6/12
  4923 | D:5      | Reached skill level 6 in Poison Magic
  5094 | D:5      | Found a sacrificial altar of Ru.
  5141 | D:5      | Reached * piety under Vehumet
  5141 | D:5      | Offered knowledge of Flame Tongue by Vehumet.
  5144 | D:5      | Learned a level 1 spell: Flame Tongue
  5750 | D:5      | Slain by an ice beast

Levels and vault maps discovered:
D:1:      elethiomel_arrival_quiet, layout_basic, xom_teletrap_fun
D:2:      layout_loops_corners, first_ration
D:3:      layout_rooms, dancing_weapons_uskayaw, grunt_temple_overflow_octagram,
          gammafunk_ghost_stat_death
D:4:      layout_gridville, zin_purify, minmay_temple_entry_mist, serial_shops,
          shop
D:5:      layout_loops_ring, kennysheep_little_box,
          nicolae_dithmenos_shadow_blocks
D:6:      layout_cave_pools, yredelemnul_altar_generic, serial_shops, shop,
          uniq_pikel

Skill      XL: |  1  2  3  4  5  6  7 |
---------------+----------------------+-----
Conjurations   | 1 2 |  2.6
Poison Magic   | 5 6 |  6.4
Armour         | 1 2 |  2.8
Spellcasting   | 3 4 |  4.0
Dodging        | 2 |  2.2
Polearms       | 1 2 |  2.9
Fighting       | 1 |  1.9
Maces & Flails | |  0.2
Stealth        | |  2.4
Fire Magic     | |  0.7

Action                   |  1- 3 |  4- 6 |  7- 9 || total
-------------------------+-------+-------+-------++-------
Melee: Unarmed           |    31 |       |       ||    31
       Mace              |    10 |       |       ||    10
       Spear             |    32 |    15 |       ||    47
       Halberd           |       |    61 |    56 ||   117
 Cast: Sting             |    15 |    13 |     4 ||    32
       Poisonous Vapours |    22 |    37 |     6 ||    65
       Mephitic Cloud    |       |     7 |       ||     7
       Olgreb's Toxic Ra |       |     2 |     3 ||     5
       Flame Tongue      |       |       |     1 ||     1
  Use: Scroll            |     3 |       |       ||     3
 Stab: Sleeping          |     5 |     2 |     1 ||     8
       Confused          |       |     2 |       ||     2
  Eat: Chunk             |     5 |     9 |     4 ||    18
       Ration            |       |     1 |       ||     1
Armor: Robe              |    26 |     8 |       ||    34
       Swamp dragon scal |       |     6 |    29 ||    35
Dodge: Dodged            |    58 |    33 |    28 ||   119
